AoeStats
← OS+ | VoNDutcH

Lombardia

507725478Analyzed
4v4 RM · 13d ago on Sep 19, 2026· 51m 46s· 8 players
Game mode
Random Map
Map size
Large (8 player)
Population
200
Speed
Normal
Resources
Standard
Victory
Conquest
Starting age
Dark Age
Ending age
Imperial Age
RankedLock teamsTeams togetherTeam positionsShared explorationLock speedFull tech treeHidden civsTurbo modeCheats
Victory
Defeat
🇮🇳 Hindustanis · India
2014
+11
🇩🇪 Cumans · Germany
1965
+12
🇻🇳 Tatars · Vietnam
1956
+13
🇮🇹 Turks · Italy
1884
+16
🇻🇳 Vietnamese · Vietnam
1957
-15
🇻🇳 Romans · Vietnam
1911
-14
🇦🇷 Saracens · Argentina
1910
-14
🇺🇸 Berbers · United States
1766
-9
Fish
8:15 Loom
10:44 Feudal Age
14:30 Castle Age
12:47 Double-Bit Axe
12:53 Horse Collar
15:23 Bow Saw
16:48 Wheelbarrow
27:22 Imperial Age
25:47 Hand Cart
25:52 Town Watch
25:59 Gold Mining
26:00 Stone Mining
26:40 Scale Barding Armor
27:25 Elite Mameluke
28:39 Chain Barding Armor
29:06 Conscription
30:56 Plate Barding Armor
31:54 Counterweights
32:09 Forging
32:01 Husbandry
33:21 Bloodlines
35:33 Iron Casting
36:07 Bimaristan
37:58 Hoardings
39:05 Blast Furnace
38:45 Hoardings
41:31 Caravan
50:29 Heavy Camel Rider
BB3097790
6:38 Loom
9:17 Feudal Age
9:46 Double-Bit Axe
18:53 Wheelbarrow
22:09 Castle Age
20:22 Gold Mining
20:51 Horse Collar
22:03 Bloodlines
22:05 Forging
22:01 Scale Barding Armor
22:50 Husbandry
24:26 Bow Saw
25:00 Chain Barding Armor
24:32 Town Watch
29:13 Hand Cart
30:12 Heavy Plow
35:09 Imperial Age
34:11 Iron Casting
35:12 Heavy Camel Rider
36:32 Plate Barding Armor
36:57 Blast Furnace
36:35 Stone Mining
37:21 Gold Shaft Mining
39:02 Caravan
41:23 Masonry
45:27 Chemistry
45:47 Siege Engineers
Mr.Bean
7:18 Loom
9:13 Feudal Age
9:41 Double-Bit Axe
10:41 Loom
14:31 Fletching
16:07 Padded Archer Armor
22:40 Castle Age
21:05 Horse Collar
21:15 Gold Mining
23:50 Bow Saw
23:40 Heavy Plow
24:18 Wheelbarrow
24:53 Town Watch
30:47 Hand Cart
36:32 Imperial Age
34:57 Bodkin Arrow
35:38 Ballistics
35:43 Caravan
36:06 Thumb Ring
35:36 Elite Skirmisher
36:36 Leather Archer Armor
37:15 Bracer
38:20 Chemistry
37:42 Elite Rattan Archer
39:17 Paper Money
39:25 Treadmill Crane
41:55 Siege Engineers
43:07 Coinage
43:25 Ring Archer Armor
47:33 Banking
Đam Mê Game
10:29 Feudal Age
10:38 Loom
14:39 Castle Age
13:39 Double-Bit Axe
16:41 Bow Saw
21:08 Gold Mining
23:12 Wheelbarrow
23:13 Stone Mining
24:04 Gold Shaft Mining
24:39 Hand Cart
29:06 Imperial Age
26:47 Scale Barding Armor
27:20 Loom
27:59 Chain Barding Armor
27:42 Scale Mail Armor
27:41 Man-at-Arms
28:21 Squires
28:14 Pikeman
29:02 Long Swordsman
29:03 Pikeman
30:00 Chain Mail Armor
30:25 Comitatenses
30:26 Conscription
29:58 Horse Collar
30:34 Forging
30:45 Legionary
31:23 Halberdier
33:07 Iron Casting
36:17 Blast Furnace
36:00 Caravan
36:37 Coinage
37:27 Capped Ram
38:51 Banking
39:25 Guilds
39:12 Heavy Scorpion
40:35 Fletching
41:22 Heavy Plow
41:09 Town Watch
43:15 Chain Barding Armor
43:06 Bloodlines
42:18 Light Cavalry
42:59 Husbandry
42:50 Cavalier
44:52 Plate Barding Armor
45:05 Ballistas
46:47 Siege Ram
DS_Dragonstar
10:56 Feudal Age
15:01 Castle Age
12:52 Double-Bit Axe
13:03 Horse Collar
16:04 Bow Saw
20:30 Wheelbarrow
21:28 Heavy Plow
24:15 Hand Cart
24:38 Loom
24:38 Town Watch
28:18 Imperial Age
26:43 Scale Barding Armor
26:48 Forging
27:37 Gold Mining
27:38 Stone Mining
28:23 Chain Barding Armor
29:24 Gold Shaft Mining
29:24 Stone Shaft Mining
29:06 Bloodlines
28:56 Husbandry
28:42 Heavy Camel Rider
30:22 Plate Barding Armor
30:43 Iron Casting
30:28 Imperial Camel Rider
31:51 Grand Trunk Road
32:11 Conscription
32:36 Caravan
34:08 Blast Furnace
37:14 Fortified Wall
39:06 Two-Man Saw
38:38 Coinage
41:05 Fletching
41:27 Masonry
41:24 Siege Engineers
41:50 Bodkin Arrow
44:55 Masonry
45:06 Ballistics
45:48 Chemistry
48:18 Bracer
48:48 Town Patrol
OS+ | VoNDutcH
6:14 Loom
9:04 Feudal Age
9:41 Double-Bit Axe
9:52 Horse Collar
15:03 Scale Barding Armor
16:28 Bloodlines
16:50 Forging
22:50 Castle Age
22:25 Gold Mining
24:54 Bow Saw
25:42 Wheelbarrow
28:12 Hand Cart
31:13 Caravan
31:48 Stone Mining
35:25 Imperial Age
33:42 Padded Archer Armor
34:07 Town Watch
35:33 Leather Archer Armor
35:31 Elite Janissary
37:04 Ring Archer Armor
37:28 Conscription
37:31 Artillery
40:42 Fletching
41:15 Bombard Tower
40:36 Treadmill Crane
42:28 Two-Man Saw
42:28 Ballistics
42:19 Masonry
41:56 Arrowslits
45:43 Architecture
45:25 Careening
45:12 Murder Holes
RoR | Smokealot
6:02 Loom
6:11 Loom
9:03 Feudal Age
9:48 Double-Bit Axe
10:05 Horse Collar
20:49 Castle Age
19:48 Scale Barding Armor
19:54 Forging
19:49 Scale Barding Armor
19:54 Forging
21:04 Wheelbarrow
21:07 Bloodlines
21:02 Gold Mining
21:02 Stone Mining
22:33 Bow Saw
24:16 Heavy Plow
25:23 Town Watch
28:59 Gold Shaft Mining
31:20 Imperial Age
29:06 Hand Cart
30:17 Pikeman
30:59 Squires
30:44 Arson
31:05 Scale Mail Armor
31:40 Iron Casting
31:26 Halberdier
32:25 Chain Mail Armor
32:44 Crop Rotation
32:22 Caravan
32:32 Guilds
33:35 Ballistics
34:15 Chemistry
33:52 Plate Mail Armor
34:22 Blast Furnace
33:53 Plate Mail Armor
34:23 Blast Furnace
33:24 Capped Ram
33:45 Onager
34:48 Siege Ram
37:40 Two-Man Saw
37:41 Fletching
37:51 Padded Archer Armor
37:41 Fletching
37:52 Padded Archer Armor
37:51 Man-at-Arms
39:11 Coinage
38:06 Siege Onager
39:15 Murder Holes
39:31 Masonry
39:44 Conscription
39:48 Bodkin Arrow
40:08 Leather Archer Armor
39:48 Bodkin Arrow
40:08 Leather Archer Armor
41:59 Heated Shot
43:07 Banking
44:35 Long Swordsman
46:58 Cavalier
48:22 Paladin
52:05 Chain Barding Armor
52:16 Ring Archer Armor
ÐàLat«Gô°Kµ»
6:08 Loom
9:14 Feudal Age
9:46 Double-Bit Axe
12:02 Horse Collar
16:25 Scale Barding Armor
21:32 Castle Age
19:43 Gold Mining
20:48 Stone Mining
21:35 Wheelbarrow
22:29 Bow Saw
22:20 Heavy Plow
30:51 Imperial Age
28:42 Husbandry
29:08 Fletching
30:24 Caravan
31:24 Bloodlines
32:11 Bodkin Arrow
34:04 Ballistics
34:40 Coinage
34:40 Conscription
35:47 Chemistry
35:48 Bracer
35:58 Padded Archer Armor
36:21 Heavy Cavalry Archer
37:34 Leather Archer Armor
39:35 Capped Ram
40:55 Guilds
41:30 Ring Archer Armor
40:38 Siege Ram
42:53 Chain Barding Armor
42:15 Treadmill Crane
42:46 Masonry
43:44 Hand Cart
43:15 Town Watch
44:43 Onager
45:07 Heavy Scorpion
46:02 Guard Tower
47:09 Siege Engineers
48:12 Town Patrol
49:14 Plate Barding Armor
48:50 Forging
49:26 Bombard Tower
51:52 Iron Casting
Connection lost

Rejoining the realm…

Still unreachable

The connection could not be restored.

Session expired

The server has moved on; the page needs a fresh start.